 Dungeon Crawl Stone Soup version 0.21.1-1-g345015fe64 (webtiles) character file.

4181 LordM the Spear-Bearer (level 10, -1/83 HPs)
             Began as a Red Draconian Conjurer on Mar 23, 2018.
             Slain by an orc warrior
             ... wielding a +0 dire flail
              (24 damage)
             ... on level 10 of the Dungeon.
             The game lasted 01:14:32 (11763 turns).

LordM the Spear-Bearer (Red Draconian Conjurer)    Turns: 11763, Time: 01:14:33

Health: -1/83      AC: 15    Str: 11    XL:     10   Next: 8%
Magic:  8/18       EV: 14    Int: 17    God:
Gold:   512        SH:  3    Dex: 16    Spells: 4/19 levels left

rFire    + . .     SeeInvis .   v - +2 trident (pierce)
rCold    . . .     Gourm    .   (no shield)
rNeg     . . .     Faith    .   (armour unavailable)
rPois    .         Spirit   .   (helmet restricted)
rElec    .         Reflect  +   (no cloak)
rCorr    .         Harm     .   (no gloves)
MR       .....                  F - +1 pair of boots
Stlth    ++........             k - +3 amulet of reflection
HPRegen  0.23/turn              D - +6 ring of protection
MPRegen  0.16/turn              C - +3 ring of dexterity

@: very slightly contaminated
A: breathe fire, unfitting armour, fire resistance 1, cold-blooded, AC +7
a: Breathe Fire


You were on level 10 of the Dungeon.
You were very hungry.

You visited 2 branches of the dungeon, and saw 11 of its levels.

You collected 512 gold pieces.

Inventory:

Hand Weapons
 e - a +3 spear
 v - a +2 trident of piercing (weapon)
 y - a +0 shortbow
 E - a +1 long sword of holy wrath
Missiles
 B - 21 arrows
Armour
 F - a +1 pair of boots (worn)
Magical Staves
 l - an uncursed staff of summoning
Jewellery
 j - an uncursed ring of positive energy
 k - a +3 amulet of reflection (around neck)
 p - an uncursed amulet of rage
 x - an uncursed ring of resist corrosion
 C - a +3 ring of dexterity (right hand)
 D - a +6 ring of protection (left hand)
 G - an uncursed ring of positive energy
 H - a +2 ring of evasion {unknown}
Wands
 u - a wand of iceblast (6)
 I - a wand of disintegration (9)
Scrolls
 h - a scroll of fog {unknown}
 m - 4 scrolls of teleportation
 n - a scroll of fear {unknown}
 q - 3 scrolls of immolation
 s - 5 scrolls of remove curse
Potions
 c - a potion of brilliance
 d - 2 potions of resistance {unknown}
 f - a potion of berserk rage {unknown}
 g - a potion of invisibility {unknown}
 i - 2 potions of ambrosia {unknown}
 r - 2 potions of haste
 t - 2 potions of lignification
 z - a potion of curing
Books
 a - a book of Conjurations

   Spells                             Type                      Level
   a - Magic Dart                     Conjuration                  1
   b - Searing Ray                    Conjuration                  2
   c - Dazzling Spray                 Conjuration/Hexes            3
   d - Fulminant Prism                Conjuration/Hexes            4
   e - Force Lance                    Conjuration/Translocation    4
   f - Iskenderun's Mystic Blast      Conjuration                  4
 o - a book of Maledictions

   Spells                             Type                      Level
   a - Corona                         Hexes                        1
   b - Ensorcelled Hibernation        Hexes/Ice                    2
   c - Confuse                        Hexes                        3
   d - Tukima's Dance                 Hexes                        3
   e - Dazzling Spray                 Conjuration/Hexes            3
 w - a book of Frost

   Spells                             Type                      Level
   a - Freeze                         Ice                          1
   b - Throw Frost                    Conjuration/Ice              2
   c - Ozocubu's Armour               Charms/Ice                   3
   d - Throw Icicle                   Conjuration/Ice              4
   e - Summon Ice Beast               Ice/Summoning                4
 A - a book of Maledictions

   Spells                             Type                      Level
   a - Corona                         Hexes                        1
   b - Ensorcelled Hibernation        Hexes/Ice                    2
   c - Confuse                        Hexes                        3
   d - Tukima's Dance                 Hexes                        3
   e - Dazzling Spray                 Conjuration/Hexes            3
Comestibles
 b - 12 rations


   Skills:
 * Level 6.2 Fighting
 * Level 8.3 Polearms
 + Level 4.2 Dodging
 + Level 3.4 Stealth
 * Level 5.4 Spellcasting
 + Level 6.0 Conjurations
 * Level 3.4 Hexes
 * Level 3.5 Evocations


You had 4 spell levels left.
You knew the following spells:

 Your Spells              Type           Power        Failure   Level  Hunger
a - Magic Dart            Conj           ####         1%          1    None
b - Searing Ray           Conj           ####..       1%          2    #......
c - Iskenderun's Mystic   Conj           ####....     12%         4    ####...
d - Corona                Hex            ###....      3%          1    None
e - Fulminant Prism       Conj/Hex       ###.......   19%         4    ####...
f - Confuse               Hex            ###.....     10%         3    ##.....


Dungeon Overview and Level Annotations

Branches:
Dungeon (10/15)            Temple (1/1) D:5             Orc (0/2) D:10
   Lair: D:8-11

Altars:
Ashenzari
Cheibriados
Dithmenos
Elyvilon
Fedhas
Gozag
Hepliaklqana
Kikubaaqudgha
Makhleb
Nemelex Xobeh
Okawaru
Qazlal
Ru
Sif Muna
Trog
Uskayaw
Vehumet
Wu Jian
Xom
Yredelemnul
Zin
The Shining One
Beogh

Shops:
D:6 :   D:7 =

Annotations:
D:3 tensugalgo's ghost, amateur NaAs
D:10 Erolcha


Innate Abilities, Weirdness & Mutations

You can breathe blasts of fire.
Your fiery red scales are hard. (AC +7)
You cannot fit into any form of body armour.
Your flesh is heat resistant. (rF+)
You are cold-blooded and may be slowed by cold attacks.


Message History

The worker ant twitches its antennae in your direction.
You hear a shout!
The orc warrior shouts!
You hear a shout! x4
The orc priest shouts!
You hear a shout! x3
Something unseen opens the door.
The wyvern misses you.
The orc priest mumbles some strange prayers to Beogh against the orc warrior.
Beogh smites you!
* * * LOW HITPOINT WARNING * * *
The orc shouts!
You hear a shout! x2
Found a roughly hewn altar of Beogh.
Found a staircase to the Orcish Mines.
An orc and an orc priest come into view. 3 orcs and an orc warrior come into view.
The orc warrior is wielding a vampiric war axe.
The orc shouts!
The orc priest shouts!
You hear a shout! x3 2 orcs come into view.
You closely miss the orc warrior.
You tail-slap the orc warrior, but do no damage.
You have got your breath back.
The wyvern misses you.
The orc warrior hits you with a dire flail!!
You die...

. ..#.o...# .
..#8._.># #.
#.#.oo..#
.##.#o.a..#
....8or⌠..#
#...oooo..#
#.#o8oo...#
#.#@# #.#l## #
### ##.#ZO##.#.#
....#..........#
................
.......<.......#
.....(.........#
................
..............##


You could see Erolcha, 3 orc warriors, a wyvern, a worker ant, 2 orc priests, 7
orcs, a centaur zombie and a quokka.

Vanquished Creatures
  A two-headed ogre (D:9)
  The ghost of Fuxmar the Magician, a novice HuWz (D:6)
  A troll (D:9)
  A hippogriff (D:7)
  A hungry ghost (D:8)
  Menkaure (D:7)
  A sky beast (D:8)
  An orc warrior (D:7)
  An ice beast (D:7)
  2 phantoms
  A centaur (D:7)
  2 ogres
  4 big kobolds (D:5)
  2 bullfrogs
  2 water moccasin zombies
  A wyvern skeleton (D:8)
  A scorpion (D:7)
  7 wights (D:6)
  3 jellies (D:8)
  A crimson imp (D:8)
  A centaur zombie (D:5)
  A quasit (D:8)
  An orc priest (D:8)
  4 hounds
  A centaur skeleton (D:6)
  2 iguanas
  6 orc wizards
  3 worker ants
  A killer bee zombie (D:6)
  3 gnolls (D:5)
  13 adders
  3 shadow imps
  An ooze (D:5)
  4 worms
  2 dart slugs
  2 leopard geckos
  17 orcs
  A ball python (D:1)
  4 giant cockroaches
  9 goblins
  3 hobgoblins
  3 jackals (D:2)
  38 kobolds
  A quokka (D:7)
  4 bats
  5 frilled lizards
  A jackal skeleton (D:4)
  A leopard gecko skeleton (D:4)
  8 rats
178 creatures vanquished.

Vanquished Creatures (others)
  A kobold (D:5)
1 creature vanquished.

Grand Total: 179 creatures vanquished

Notes
Turn   | Place    | Note
-------+----------+-------------------------------------------
     0 | D:1      | LordM the Draconian Conjurer began the quest for the Orb.
     0 | D:1      | Reached XP level 1. HP: 14/14 MP: 3/3
     1 | D:1      | Noticed an electric eel
   390 | D:1      | Reached XP level 2. HP: 22/22 MP: 3/5
   841 | D:2      | Reached skill level 1 in Polearms
   841 | D:2      | Reached XP level 3. HP: 24/27 MP: 3/6
   851 | D:2      | Reached skill level 1 in Fighting
  1021 | D:2      | Learned a level 2 spell: Searing Ray
  1398 | D:2      | You fall through a shaft!
  1666 | D:3      | Reached XP level 4. HP: 32/35 MP: 4/7
  1700 | D:3      | Reached skill level 2 in Polearms
  2008 | D:3      | Noticed tensugalgo's ghost (amateur NaAs)
  2418 | D:3      | Found an ornate altar of the Wu Jian Council.
  2829 | D:3      | Reached XP level 5. HP: 35/41 MP: 8/8
  3519 | D:2      | Learned a level 4 spell: Iskenderun's Mystic Blast
  4113 | D:4      | Noticed an ogre
  4142 | D:4      | Killed an ogre
  4142 | D:4      | Reached skill level 3 in Polearms
  4202 | D:5      | Entered Level 5 of the Dungeon
  4445 | D:4      | Reached XP level 6. HP: 30/49 MP: 9/9
  5162 | D:5      | Reached skill level 5 in Conjurations
  5278 | D:5      | Learned a level 1 spell: Corona
  5319 | D:5      | Found a staircase to the Ecumenical Temple.
  5607 | Temple   | Entered the Ecumenical Temple
  6036 | D:5      | Your scales start taking on a fiery red colour.
  6036 | D:5      | Reached XP level 7. HP: 41/57 MP: 1/11
  6036 | D:5      | Gained mutation: Your flesh is heat resistant. (rF+) [Red Draconian growth]
  6150 | D:5      | Reached skill level 4 in Polearms
  7162 | D:6      | Found a snail-covered altar of Cheibriados.
  7240 | D:6      | Reached skill level 5 in Polearms
  7284 | D:6      | Found Naul's Book Shop.
  7355 | D:6      | Reached XP level 8. HP: 66/66 MP: 8/13
  7384 | D:6      | Noticed Fuxmar's ghost (novice HuWz)
  7470 | D:6      | Killed Fuxmar's ghost
  7470 | D:6      | Reached skill level 1 in Hexes
  7470 | D:6      | Reached skill level 1 in Evocations
  7791 | D:6      | Reached skill level 6 in Polearms
  8621 | D:8      | Noticed a two-headed ogre
  8626 | D:7      | Noticed Menkaure
  8628 | D:7      | Killed Menkaure
  8824 | D:7      | Noticed a hippogriff
  8831 | D:7      | Killed a hippogriff
  8831 | D:7      | Reached skill level 5 in Fighting
  8831 | D:7      | Reached XP level 9. HP: 73/74 MP: 11/15
  9009 | D:7      | Reached skill level 7 in Polearms
  9466 | D:7      | Found Lempurus's Jewellery Shoppe.
  9684 | D:7      | Found a sacrificial altar of Ru.
 11222 | D:8      | Learned a level 4 spell: Fulminant Prism
 11226 | D:8      | Learned a level 3 spell: Confuse
 11240 | D:8      | Reached skill level 8 in Polearms
 11240 | D:8      | Reached skill level 5 in Spellcasting
 11596 | D:9      | Noticed a two-headed ogre
 11602 | D:9      | Killed a two-headed ogre
 11602 | D:9      | Reached XP level 10. HP: 83/83 MP: 3/18
 11746 | D:10     | Entered Level 10 of the Dungeon
 11746 | D:10     | Noticed Erolcha
 11761 | D:10     | Found a roughly hewn altar of Beogh.
 11761 | D:10     | Found a staircase to the Orcish Mines.
 11763 | D:10     | Slain by an orc warrior

Skill      XL: |  1  2  3  4  5  6  7  8  9 10 |
---------------+-------------------------------+-----
Stealth        | 2 3 |  3.4
Polearms       | 1 2 3 5 6 8 |  8.3
Fighting       | 1 2 3 4 5 6 |  6.2
Dodging        | 2 3 4 |  4.2
Conjurations   | 5 6 |  6.0
Spellcasting   | 3 4 5 |  5.4
Hexes          | 2 3 |  3.4
Evocations     | 2 3 |  3.5

Action                   |  1- 3 |  4- 6 |  7- 9 | 10-12 || total
-------------------------+-------+-------+-------+-------++-------
Melee: Unarmed           |     3 |       |       |       ||     3
       Spear             |    72 |   173 |    67 |       ||   312
       Tailslap          |     5 |    22 |    23 |     1 ||    51
       Trident           |       |       |   249 |     4 ||   253
Throw: Throwing net      |       |     2 |       |       ||     2
 Cast: Magic Dart        |    30 |   100 |   134 |       ||   264
       Searing Ray       |     4 |    17 |       |       ||    21
       Iskenderun's Myst |       |     1 |     9 |     3 ||    13
       Corona            |       |       |     3 |       ||     3
 Abil: Breathe Fire      |       |       |    27 |     2 ||    29
  Use: Scroll            |     5 |     9 |     6 |       ||    20
       Potion            |       |     3 |     5 |       ||     8
 Stab: Sleeping          |     2 |     1 |     1 |       ||     4
       Held in net/web   |       |     1 |       |       ||     1
  Eat: Chunk             |     3 |     6 |    10 |     1 ||    20
       Ration            |       |     3 |     5 |       ||     8
Armor: Skin              |    11 |    57 |   107 |     3 ||   178
Dodge: Dodged            |    31 |    88 |   223 |    10 ||   352
Block: Other             |     1 |    21 |    33 |       ||    55
       Reflection        |       |     1 |     1 |       ||     2
